 Dungeon Crawl Stone Soup version 0.26.0-15-gc6cd9f7 (webtiles) character file.

Game seed: 14180770522100933086

7701 PublicAnimeNo1 the Prestidigitator (level 10, -2/64 (73) HPs)
             Began as a Demigod Earth Elementalist on Jan 22, 2021.
             Slain by a troll (4 damage)
             ... on level 9 of the Dungeon.
             The game lasted 00:19:59 (12627 turns).

PublicAnimeNo1 the Prestidigitator (DgEE)          Turns: 12627, Time: 00:20:00

HP:   -2/64 (73)    AC:  7    Str: 11    XL:     10   Next: 68%
MP:   8/19          EV: 14    Int: 25    God:
Gold: 365           SH:  0    Dex: 28    Spells: 6/16 levels left

rFire    . . .     SeeInvis .   a - +1 dagger (venom)
rCold    . . .     Faith    .   (no shield)
rNeg     . . .     Spirit   .   c - +0 robe
rPois    .         Reflect  .   o - +0 helmet
rElec    .         Harm     .   p - scarf {+Inv}
rCorr    .         Rampage  .   g - +0 pair of gloves
Will     +....                  e - +2 pair of boots
Stlth    ++++......             t - amulet of regeneration
HPRegen  0.60/turn              k - +6 ring of dexterity
MPRegen  0.16/turn              s - +6 ring of dexterity

@: very slightly contaminated, heavily drained, invisible
A: high mp 1
a: Evoke Invisibility


You were on level 9 of the Dungeon.
You visited 1 branch of the dungeon, and saw 9 of its levels.

You collected 469 gold pieces.
You spent 104 gold pieces at shops.

Inventory:

Hand Weapons
 a - a +1 dagger of venom (weapon)
 v - a +4 whip
 A - a +4 long sword
 E - a +3 dagger of freezing
Missiles
 b - 160 stones
 d - 3 curare-tipped darts
 f - 24 poisoned darts
Armour
 c - a +0 robe (worn)
 e - a +2 pair of boots (worn)
 g - a +0 pair of gloves (worn)
 o - a +0 helmet (worn)
 p - a scarf of invisibility (worn)
 G - a +0 cloak
Jewellery
 k - a +6 ring of dexterity (left hand)
 s - a +6 ring of dexterity (right hand)
 t - an amulet of regeneration (around neck)
Wands
 q - a wand of acid (12)
 y - a wand of digging (2)
 I - a wand of flame (13)
Scrolls
 j - 4 scrolls of fog
 l - 3 scrolls of immolation
 r - 4 scrolls of teleportation
 u - 2 scrolls of enchant weapon
 C - 3 scrolls of remove curse
 H - a scroll of magic mapping
Potions
 h - a potion of cancellation
 i - a potion of flight
 m - 3 potions of attraction
 w - 2 potions of curing
 x - 2 potions of brilliance
 z - a potion of mutation
 F - 2 potions of might


   Skills:
 - Level 2.0 Fighting
 - Level 4.0 Short Blades
 + Level 2.4 Dodging
 + Level 6.0 Stealth
 + Level 3.8 Spellcasting
 - Level 6.0 Transmutations
 - Level 8.4 Earth Magic
 - Level 9.5 Evocations


You had 6 spell levels left.
You knew the following spells:

 Your Spells              Type           Power        Failure   Level
a - Sandblast             Erth           92%          1%          1
b - Passwall              Tmut/Erth      33%          1%          2
c - Petrify               Tmut/Erth      40%          4%          4
d - Stone Arrow           Conj/Erth      50%          4%          3

Your spell library contained the following spells:

 Spells                   Type           Power        Failure   Level
 Beastly Appendage        Tmut           68%          1%          1
 Wereblood                Tmut           34%          1%          2
 Spider Form              Tmut/Pois      9%           9%          3
 Lee's Rapid Deconstruct  Erth           23%          9%          5
 Animate Skeleton         Necr           8%           10%         1
 Magic Dart               Conj           16%          10%         1
 Pain                     Necr           16%          10%         1
 Blink                    Tloc           N/A          14%         2
 Call Imp                 Summ           4%           14%         2
 Slow                     Hex            4%           14%         2
 Blade Hands              Tmut           17%          22%         5
 Ice Form                 Ice/Tmut       19%          26%         4
 Conjure Flame            Conj/Fire      4%           28%         3
 Mephitic Cloud           Conj/Pois/Air  4%           28%         3
 Vampiric Draining        Necr           2%           28%         3
 Animate Dead             Necr           2%           67%         4
 Agony                    Necr           4%           95%         5


Dungeon Overview and Level Annotations

Branches:
Dungeon (9/15)             Temple (0/1) D:7            Lair (0/6) D:8
    Orc: D:9-12

Shops:
D:8 *

Annotations:
D:4 exclusion: door


Innate Abilities, Weirdness & Mutations

You have an increased reservoir of magic. (+10% MP)


Message History

The troll is moderately wounded.
The ufetubus barely misses you. The ufetubus misses you.
You catch the helpless ufetubus completely off-guard!
You impale the ufetubus!!
You kill the ufetubus!
You hit the troll.
The troll looks as sick as possible!
The troll is moderately wounded.
You hit the troll.
The troll looks as sick as possible!
The troll is moderately wounded.
The troll closely misses you. The troll barely misses you. The troll claws you.
* * * LOW HITPOINT WARNING * * *
Casting: Petrify (dangerous; 4% risk of failure)
Confirm with . or Enter, or press ? or * to list all spells.
Aiming: Petrify (dangerous; 4% risk of failure)
Press: ? - help, Shift-Dir - straight line, f - troll
Aim: a troll (moderately wounded, wandering, extremely poisoned, hasn't noticed you, chance to affect: 67%)
The troll is moving more slowly.
The troll bites you!
* * * LOW HITPOINT WARNING * * *
The troll misses you. The troll claws you.
You die...

....##.....#######
####+####.....#
#.............#
#.............#
#.............#
#.............#
#.............#
#####'####....#
##.†@†.###....#
#....T.........
#..............
#............
##......#####
#.......#
#........
#.........
#..........


You could see a troll (petrifying, extremely poisoned).

Vanquished Creatures
  Pikel (D:4)
  A komodo dragon (D:8)
  Sigmund (D:3)
  4 yaks
  Edmund (D:4)
  A water moccasin (D:6)
  An ice beast (D:5)
  3 sky beasts
  A phantom (D:4)
  3 orc warriors
  2 ogres
  2 centaurs
  3 lemures (D:4)
  4 bullfrogs
  A water moccasin zombie (D:6)
  4 scorpions
  3 wights
  A centaur zombie (D:8)
  A bullfrog zombie (D:7)
  8 orc priests
  2 orc wizards
  2 hounds
  A gnoll shaman (D:4)
  2 jellies
  Natasha (twice) (D:3)
  Ijyb (D:3)
  Terence (D:3)
  3 iguanas
  3 worker ants
  A mummy (D:4)
  Robin (D:2)
  4 gnolls (D:4)
  A howler monkey skeleton (D:6)
  6 adders
  3 shadow imps
  2 white imps
  2 ufetubi
  An ooze (D:1)
  6 worms
  2 dart slugs
  4 leopard geckos
  35 orcs
  A giant cockroach (D:1)
  13 goblins
  10 hobgoblins
  11 jackals
  3 quokkas
  A ball python (D:3)
  5 bats
  4 frilled lizards
  2 hobgoblin zombies (D:4)
  8 kobolds
  A kobold zombie (D:4)
  An orc zombie (D:4)
  6 rats
197 creatures vanquished.

Vanquished Creatures (others)
  8 fungi (D:8)
  5 plants (D:8)
13 creatures vanquished.

Grand Total: 210 creatures vanquished

Notes
Turn   | Place    | Note
-------+----------+-------------------------------------------
     0 | D:1      | PublicAnimeNo1 the Demigod Earth Elementalist began the
                  | quest for the Orb.
     0 | D:1      | Reached XP level 1. HP: 14/14 MP: 5/5
   566 | D:1      | Reached XP level 2. HP: 20/20 MP: 7/7
  1394 | D:2      | Reached XP level 3. HP: 25/26 MP: 8/8
  1397 | D:2      | Learned a level 2 spell: Passwall
  1861 | D:2      | Found a sacrificial altar of Ru.
  2036 | D:2      | Noticed Robin
  2124 | D:2      | Killed Robin
  2659 | D:2      | Found a sparkling altar of Nemelex Xobeh.
  2795 | D:3      | Noticed Terence
  2809 | D:3      | Reached XP level 4. HP: 32/33 MP: 7/9
  2926 | D:3      | Killed Terence
  2927 | D:3      | Reached skill level 5 in Earth Magic
  2988 | D:3      | Found a white marble altar of Elyvilon.
  2994 | D:3      | Noticed Ijyb
  3042 | D:3      | Killed Ijyb
  3104 | D:3      | Reached XP level 5. HP: 26/38 MP: 6/10
  3493 | D:3      | Noticed Natasha
  3499 | D:3      | Killed Natasha
  4055 | D:3      | Noticed Sigmund
  4272 | D:4      | Noticed Edmund
  4294 | D:4      | Killed Edmund
  4295 | D:4      | Reached XP level 6. HP: 22/45 MP: 11/11
  4451 | D:4      | Learned a level 4 spell: Petrify
  4523 | D:4      | Found a burning altar of Makhleb.
  4980 | D:3      | Noticed Natasha
  5105 | D:3      | Killed Natasha
  5106 | D:3      | Reached skill level 1 in Transmutations
  5470 | D:3      | Killed Sigmund
  5471 | D:3      | Reached XP level 7. HP: 51/51 MP: 9/12
  6489 | D:4      | Noticed Pikel
  6518 | D:4      | Killed Pikel
  6519 | D:4      | Reached XP level 8. HP: 46/58 MP: 10/13
  6721 | D:4      | Noticed a moth of wrath
  6723 | D:4      | Found a bloodstained altar of Trog.
  6859 | D:5      | Entered Level 5 of the Dungeon
  7553 | D:5      | Reached skill level 1 in Fighting
  7613 | D:5      | Learned a level 3 spell: Stone Arrow
  7746 | D:5      | Found a glowing golden altar of the Shining One.
  7843 | D:5      | Found a blossoming altar of Fedhas.
  8126 | D:5      | Reached skill level 1 in Evocations
  8164 | D:5      | Reached skill level 5 in Transmutations
  8826 | D:6      | Reached skill level 2 in Evocations
  8852 | D:6      | Reached skill level 1 in Short Blades
  9384 | D:6      | Found an iron altar of Okawaru.
  9983 | D:7      | Found a staircase to the Ecumenical Temple.
  9995 | D:7      | Reached XP level 9. HP: 67/67 MP: 15/15
 10688 | D:7      | Found a snail-covered altar of Cheibriados.
 11551 | D:8      | Noticed a komodo dragon
 11568 | D:8      | Reached skill level 5 in Stealth
 11922 | D:8      | Found Zobb's Assorted Antiques.
 11948 | D:8      | Bought a scroll of identify for 52 gold pieces
 11948 | D:8      | Bought a scroll of identify for 52 gold pieces
 11952 | D:8      | Reached skill level 9 in Evocations
 11952 | D:8      | Reached XP level 10. HP: 73/73 MP: 18/18
 12295 | D:8      | Found a staircase to the Lair.
 12627 | D:9      | HP: 2/64 [troll (10)]
 12627 | D:9      | Slain by a troll

Illustrated notes

Levels and vault maps discovered:
D:1:      dpeg_arrival_lava_altar, layout_loops_ring
D:2:      layout_basic, nicolae_ru_awakened_eye, minmay_misc_feat_room,
          nemelex_lonely_heart_becter, uniq_robin
D:3:      layout_basic, elyvilon_altar_5, uniq_terence, uniq_ijyb, uniq_sigmund,
          uniq_natasha
D:4:      layout_basic, tgw_trog, lemuel_coloured_pillars_altar,
          minmay_mini_ossuary, uniq_pikel, uniq_edmund
D:5:      layout_layer_cave, kennysheep_mini, lemuel_doored_altar
D:6:      layout_gridville, overflow_temple_1_default, minivault_27
D:7:      minmay_skewed_foursquare, layout_loops_ring,
          minmay_temple_entry_large_hall, minmay_misc_feat_enclosed,
          chei_slow_surprise
D:8:      layout_layer_cave, grunt_lair_entry_orc_guard_hut, serial_shops,
          nicolae_shop_waterfront, minivault_25, corexii_leaking_fountain,
          hangedman_decor_clover_reticule
D:9:      layout_gridville, lemuel_round_altar, nicolae_overflow_crystal_walls,
          overflow_temple_1_default, uniq_grum, uniq_prince_ribbit1, uniq_psyche

Skill      XL: |  1  2  3  4  5  6  7  8  9 10 |
---------------+-------------------------------+-----
Earth Magic    | 3 4 5 6 7 8 |  8.4
Transmutations | 2 4 5 6 |  6.0
Spellcasting   | 2 3 |  3.8
Fighting       | 2 |  2.0
Evocations     | 2 9 |  9.5
Stealth        | 3 5 6 |  6.0
Short Blades   | 2 3 4 |  4.0
Dodging        | 2 |  2.4

Action                   |  1- 3 |  4- 6 |  7- 9 | 10-12 || total
-------------------------+-------+-------+-------+-------++-------
Melee: Dagger            |   124 |   129 |   393 |    49 ||   695
Throw: Dart              |    12 |       |       |       ||    12
 Cast: Sandblast         |    11 |    19 |    44 |       ||    74
       Petrify           |       |       |    30 |     6 ||    36
       Stone Arrow       |       |       |     1 |       ||     1
 Abil: Evoke Invisibilit |       |       |       |     1 ||     1
  Use: Scroll            |     5 |     4 |    14 |     1 ||    24
       Potion            |       |     2 |     1 |       ||     3
 Stab: Sleeping          |     6 |     1 |     7 |     1 ||    15
       Petrified         |       |       |    28 |     2 ||    30
       Petrifying        |       |       |    11 |     2 ||    13
       Invisible         |       |       |       |     6 ||     6
Armor: Robe              |    18 |    36 |    96 |     5 ||   155
Dodge: Dodged            |    72 |    92 |   213 |    28 ||   405
